 Dungeon Crawl Stone Soup version 0.31.0-2-g5a2aebc5c2 (webtiles) character file.

Game seed: 4663331732451742994

71322 Aviak the Thaumaturge (level 15, -3/117 HPs)
             Began as a Gnoll Alchemist on Jan 20, 2024.
             Was a High Priest of Vehumet.
             Slain by a Hell Sentinel (31 damage)
             ... on level 1 of the Abyss.
             The game lasted 01:02:52 (22899 turns).

Aviak the Thaumaturge (Gnoll Alchemist)            Turns: 22899, Time: 01:02:53

Health: -3/117     AC: 13    Str:  7    XL:     15   Next: 36%
Magic:  17/30      EV: 22    Int: 17    God:    Vehumet [*****.]
Gold:   2139       SH:  8    Dex: 21    Spells: 6/37 levels left

rFire   + + .        Y - +12 spear "Dejuetas" {drain, rC+}
rCold   + . .        N - +1 buckler
rNeg    . . .        U - +0 acid dragon scales {rCorr}
rPois   +            i - +1 hat
rElec   .            D - +0 cloak
rCorr   +            (no gloves)
SInv    .            H - +2 pair of slick slippers {slick, slippery, EV+4}
Will    +....        w - amulet of regeneration
Stlth   ++++++       r - +6 ring of dexterity
HPRegen 1.19/turn    o - ring "Xaedwig" {rPois rF++ Dex+3}
MPRegen 0.22/turn

%: no passive effects
@: about to teleport, freezing walls, very slightly contaminated
A: fangs 1, strong nose, distributed training, thin skeletal structure 1, poison
resistance, MP-powered wands, [clumsy 2], [dopey 2], [screaming 2]
a: Renounce Religion


You were on level 1 of the Abyss.
You worshipped Vehumet.
Vehumet was extremely pleased with you.
You visited 4 branches of the dungeon, and saw 19 of its levels.
You visited the Abyss 1 time.
You also visited: Bailey and Volcano.

You collected 2139 gold pieces.

Inventory:

Hand Weapons
 Y - the +12 spear "Dejuetas" (weapon) {drain, rC+}
   (You found it on level 5 of the Lair of Beasts)

   rC+:       It protects you from cold.
Armour
 i - a +1 hat (worn)
 D - a +0 cloak (worn)
 H - the +2 pair of slick slippers (worn) {slick, slippery, EV+4}
   (You found it on level 4 of the Lair of Beasts)

   Slick:     Its wearer cannot be constricted, engulfed, netted or webbed.
   Slippery:  Its wearer slips away from damaging melee attacks, pulling the
   attacker onward.
   EV+4:      It affects your evasion (+4).
 N - a +1 buckler (worn)
 T - a +0 kite shield
 U - +0 acid dragon scales (worn) {rCorr}
Magical Staves
 p - a staff of cold {rC+}
 v - a staff of fire {rF+}
Jewellery
 a - a ring of willpower
 e - an amulet of reflection
 o - the ring "Xaedwig" (right hand) {rPois rF++ Dex+3}
   (You found it on level 5 of the Lair of Beasts)

   [ring of poison resistance]

   Dex+3:     It affects your dexterity (+3).
   rF++:      It greatly protects you from fire.
   rPois:     It protects you from poison
 r - a +6 ring of dexterity (left hand)
 w - an amulet of regeneration (around neck)
 y - an amulet of guardian spirit
 A - a +6 ring of dexterity
 C - a ring of magical power
 F - a ring of protection from fire
 S - a ring of resist corrosion
 Z - a ring of see invisible
Talismans
 I - a storm talisman
Wands
 k - a wand of polymorph (19)
 m - a wand of mindburst (5)
 u - a wand of flame (30)
 B - a wand of digging (7)
 E - a wand of charming (13)
 R - a wand of roots (16)
 V - a wand of acid (4)
Scrolls
 d - 6 scrolls of enchant armour
 f - 2 scrolls of amnesia
 g - a scroll of fog {unknown}
 n - 4 scrolls of enchant weapon
 t - a scroll of teleportation
 x - a scroll of blinking
 G - 2 scrolls of poison {unknown}
 J - 4 scrolls of immolation
 O - 2 scrolls of summoning {unknown}
 P - 2 scrolls of revelation {unknown}
Potions
 b - 2 potions of magic
 c - a potion of curing
 h - 2 potions of heal wounds
 j - 3 potions of lignification {!q}
 l - 2 potions of cancellation
 q - 6 potions of might
 s - 2 potions of enlightenment
 z - 2 potions of brilliance
 M - a potion of resistance
 W - a potion of mutation {!q}
 X - a potion of berserk rage
Miscellaneous
 L - a phial of floods
 Q - a lightning rod (3/4)


   Skills:
 + Level 10.4 Fighting
 + Level 10.4 Short Blades
 + Level 10.4 Long Blades
 + Level 10.4 Axes
 + Level 10.4 Maces & Flails
 + Level 10.4 Polearms
 + Level 10.4 Staves
 + Level 10.4 Ranged Weapons
 + Level 10.4 Throwing
 + Level 10.4 Armour
 + Level 11.3 Dodging
 + Level 11.2 Stealth
 + Level 10.4 Shields
 + Level 10.4 Unarmed Combat
 + Level 11.5 Spellcasting
 + Level 9.0 Conjurations
 + Level 8.7 Hexes
 + Level 8.7 Summonings
 + Level 8.7 Necromancy
 + Level 8.7 Translocations
 + Level 8.7 Fire Magic
 + Level 8.7 Ice Magic
 + Level 8.7 Air Magic
 + Level 8.7 Earth Magic
 + Level 10.3 Alchemy
 + Level 11.3 Invocations
 + Level 10.4 Evocations
 + Level 9.5 Shapeshifting


You had 6 spell levels left.
You knew the following spells:

 Your Spells              Type           Power      Damage    Failure   Level
a - Sting                 Conj/Alch      100%       1d9       1%          1
b - Mercury Vapours       Alch/Air       84%        N/A       1%          2
c - Mephitic Cloud        Conj/Alch/Air  41%        N/A       1%          3
d - Olgreb's Toxic Radia  Alch           45%        N/A       1%          4
e - Sticky Flame          Fire/Alch      42%        2d8       1%          4
f - Call Canine Familiar  Summ           39%        N/A       1%          3
g - Shock                 Conj/Air       100%       1d9       1%          1
q - Stone Arrow           Conj/Erth      80%        3d12      1%          3
r - Frozen Ramparts       Ice            78%        1d12      1%          3
x - Searing Ray           Conj           80%        2d7       1%          2
z - Freezing Cloud        Conj/Ice/Air   19%        6-21      3%          5

Your spell library contained the following spells:

 Spells                   Type           Power      Damage    Failure   Level
 Freeze                   Ice            100%       1d10      1%          1
 Cigotuvi's Dreadful Rot  Necr/Alch/Air  82%        N/A       1%          2
 Hailstorm                Conj/Ice       40%        3d9       1%          3
 Inner Flame              Hex/Fire       39%        N/A       1%          3
 Sigil of Binding         Hex            39%        N/A       1%          3
 Flame Wave               Conj/Fire      40%        2d11      1%          4
 Ignite Poison            Fire/Alch      42%        N/A       1%          4
 Anguish                  Hex/Necr       19%        N/A       4%          4
 Dimensional Bullseye     Hex/Tloc       19%        N/A       4%          4
 Starburst                Conj/Fire      20%        6d7       17%         6
 Ozocubu's Refrigeration  Ice            19%        4d11      65%         7
 Lehudib's Crystal Spear  Conj/Erth      20%        10d6      99%         8
 Discord                  Hex            19%        N/A       100%        8


Dungeon Overview and Level Annotations

Branches:
Dungeon (12/15)            Temple (1/1) D:6            Lair (5/5) D:8
 Shoals (0/4) Lair:2       Spider (0/4) Lair:3        Slime (0/5) Lair:5
    Orc (1/2) D:10         Bailey (visited)         Volcano (visited)

Altars:
Ashenzari
Cheibriados
Dithmenos
Elyvilon
Fedhas
Gozag
Hepliaklqana
Kikubaaqudgha
Makhleb
Nemelex Xobeh
Okawaru
Qazlal
Ru
Sif Muna
Trog
Uskayaw
Vehumet
Wu Jian
Xom
Yredelemnul
Zin
The Shining One
Jiyva

Annotations:
D:8 1 runed translucent door
D:10 1 runed translucent door
Lair:2 exclusion: orange crystal statue
Orc:1 Erolcha


Innate Abilities, Weirdness & Mutations

You have very sharp teeth.
Your uncanny sense of smell can sniff out nearby items.
Your experience applies equally to all skills.
You have a somewhat thin skeletal structure. (Dex +2, Stealth+)
Your system is resistant to poisons. (rPois)
You expend magic power (3 MP) to strengthen your wands.
[You are very clumsy. (Dex -4)]
[You are very dopey. (Int -4)]
[You frequently scream uncontrollably at your foes.]


Message History

The walls around you are covered in ice.
The wall freezes the Hell Sentinel but does no damage.
The Hell Sentinel misses you. The Hell Sentinel hits you!
You slip backwards!
The frozen ramparts melt away as you move.
Casting: Frozen Ramparts (safe; 1% risk of failure)
Confirm with . or Enter, or press ? or * to list all spells.
Casting: Frozen Ramparts (safe; 1% risk of failure)
Press: ? - help, Dir - look around, f - activate The walls around you are covered in ice.
The wall freezes the Hell Sentinel but does no damage.
The Hell Sentinel gestures at you. The iron shot hits you!!!!
Ouch! That really hurt!
* * * LOW HITPOINT WARNING * * *
You feel much better.
The Hell Sentinel completely resists.
The wall freezes the Hell Sentinel but does no damage.
The Hell Sentinel barely misses you. You block the Hell Sentinel's attack.
As you read the scroll of teleportation, it crumbles to dust.
You feel strangely unstable.
You feel the power of the Abyss delaying your translocation!
The Hell Sentinel completely resists.
The wall freezes the Hell Sentinel but does no damage.
The Hell Sentinel misses you. The Hell Sentinel hits you.
* * * LOW HITPOINT WARNING * * *
The wretched star resists.
The wall freezes the wretched star.
The wretched star pulses with an eldritch light!
You feel clumsy. x2; You feel the urge to shout.
You feel a strong urge to scream.
Unknown command.
Okay, then.
Aiming: Thunderbolt
Press: ? - help, Shift-Dir - straight line, f - Hell Sentinel
Aim: a Hell Sentinel The thunderbolt hits the Hell Sentinel.
The Hell Sentinel completely resists.
The thunderbolt hits the wretched star but does no damage.
The wretched star is lightly damaged.
You hear a shout!
The wall freezes the Hell Sentinel but does no damage.
The Hell Sentinel hits you!!
You die...

##.#.### #
# # .
...#..##.#
#.## .∆#.
# ##...#.#
..#
#...##.# #
#. . .
#.#####
##..
##.#...##
# #
#.#..##.#
#.##@1.*#
#
##.##.#.#
### .## .#
.* #.


You could see a Hell Sentinel and a wretched star.

Vanquished Creatures
  A lich (Abyss:1)
  A very ugly thing (Abyss:1)
  Nessos (Lair:3)
  Harold (Lair:2)
  10 hydras
  The ghost of NitroKuite the Marksspriggan, a journeyman SpHu of Okawaru (Lair:3)
  3 alligators
  A two-headed ogre (D:12)
  2 boulder beetles (Lair:4)
  A death yak (Lair:4)
  A hell hog (Lair:5)
  A thrashing horror (Abyss:1)
  A hell knight (Volcano)
  2 sixfirhies (Abyss:1)
  Lodul (D:11)
  A swamp dragon (Lair:5)
  An orb spider (Abyss:1)
  Pikel (D:5)
  A deep elf zephyrmancer (Bailey)
  An orc knight (Bailey)
  3 ugly things (Abyss:1)
  A moth of wrath (Lair:4)
  20 elephants
  7 black mambas
  A gargoyle (D:11)
  A smoke demon (Volcano)
  A large abomination (Abyss:1)
  A torpor snail (Lair:4)
  9 cane toads
  An unseen horror (D:11)
  2 molten gargoyles (Volcano)
  Maggie (D:6)
  5 rime drakes
  9 komodo dragons
  3 red devils (Volcano)
  3 merfolk (Lair:2)
  4 trolls
  15 polar bears
  A hornet (D:8)
  16 blink frogs
  Grinder (D:4)
  6 raiju
  Prince Ribbit (D:5)
  A wraith (D:11)
  Sigmund (D:6)
  2 shadows
  26 yaks
  A vampire (D:9)
  Eustachio (D:4)
  6 basilisks
  2 fire bats (Volcano)
  3 vampire mosquitoes
  2 wyverns
  5 wargs
  4 steam dragons
  Menkaure (D:6)
  5 swamp worms (Lair:4)
  4 acid dragons
  15 water moccasins
  12 hell hounds (Lair:5)
  Pargi (D:3)
  3 swamp drakes (Lair:4)
  12 black bears
  15 orc warriors
  Duvessa (D:7)
  2 sky beasts
  23 wolves
  9 ogres
  4 centaurs
  4 lemures (D:5)
  3 phantoms
  A weeping skull (Abyss:1)
  2 kobold brigands
  Blork the orc (D:6)
  A scorpion (D:6)
  13 bullfrogs
  A gnoll sergeant (D:10)
  2 small abominations (Abyss:1)
  8 wights
  Dowan (D:7)
  2 howler monkeys
  9 lava snakes
  3 hounds
  A human zombie (D:8)
  2 jellies
  A gnoll bouda (D:5)
  10 orc priests
  Crazy Yiuf (D:5)
  An iron imp (Abyss:1)
  3 orc wizards
  Ijyb (D:3)
  Natasha (thrice) (D:3)
  Terence (D:3)
  3 iguanas (Lair:5)
  5 adders
  14 gnolls
  A white imp (D:8)
  3 ufetubi
  3 dart slugs (D:3)
  2 ribbon worms
  50 orcs
  5 ball pythons
  5 bats
  7 endoplasms
  3 giant cockroaches
  9 goblins
  4 hobgoblins
  4 quokkas
  A frilled lizard (D:1)
  A goblin skeleton (D:8)
  A jackal zombie (D:8)
  17 kobolds
  4 rats
523 creatures vanquished.

Vanquished Creatures (collateral kills)
  The ghost of Hiywul the Fighter, a journeyman MiHu of Trog (Lair:4)
  A fire dragon (Lair:5)
  A komodo dragon (Lair:5)
  A red devil (Volcano)
  A basilisk (Lair:1)
5 creatures vanquished.

Vanquished Creatures (others)
  A quokka (D:4)
  4 starspawn tentacles (Abyss:1)
5 creatures vanquished.

Grand Total: 533 creatures vanquished

Notes
Turn   | Place    | Note
-------+----------+-------------------------------------------
     0 | D:1      | Aviak the Gnoll Alchemist began the quest for the Orb.
     0 | D:1      | Reached XP level 1. HP: 13/13 MP: 6/6
   165 | D:1      | Reached XP level 2. HP: 19/19 MP: 4/7
   204 | D:1      | Learned a level 2 spell: Mercury Vapours
   513 | D:1      | You fall into a shaft and drop 1 floor!
   607 | D:2      | Reached skill level 5 in Spellcasting
   607 | D:2      | Reached XP level 3. HP: 25/25 MP: 4/9
   622 | D:2      | Learned a level 3 spell: Mephitic Cloud
   721 | D:2      | Found an ornate altar of the Wu Jian Council.
   838 | D:2      | Found a faded altar of an unknown god.
  1011 | D:3      | Reached skill level 1 in Invocations
  1100 | D:3      | Noticed Ijyb
  1202 | D:3      | Gained mutation: You have a somewhat thin skeletal
                  | structure. (Dex +2, Stealth+) [potion of mutation]
  1202 | D:3      | Gained mutation: Your system is resistant to poisons.
                  | (rPois) [potion of mutation]
  1202 | D:3      | Gained mutation: You expend magic power (3 MP) to
                  | strengthen your wands. [potion of mutation]
  1203 | D:3      | Killed Ijyb
  1204 | D:3      | Reached skill level 1 in Fighting
  1204 | D:3      | Reached skill level 1 in Short Blades
  1204 | D:3      | Reached skill level 1 in Long Blades
  1204 | D:3      | Reached skill level 1 in Axes
  1204 | D:3      | Reached skill level 1 in Maces & Flails
  1204 | D:3      | Reached skill level 1 in Polearms
  1204 | D:3      | Reached skill level 1 in Staves
  1204 | D:3      | Reached skill level 1 in Ranged Weapons
  1204 | D:3      | Reached skill level 1 in Throwing
  1204 | D:3      | Reached skill level 1 in Armour
  1204 | D:3      | Reached skill level 1 in Shields
  1204 | D:3      | Reached skill level 1 in Unarmed Combat
  1204 | D:3      | Reached skill level 1 in Evocations
  1204 | D:3      | Reached skill level 1 in Shapeshifting
  1204 | D:3      | Reached XP level 4. HP: 6/32 MP: 0/11
  1351 | D:3      | Learned a level 4 spell: Olgreb's Toxic Radiance
  1382 | D:3      | Noticed Pargi
  1393 | D:3      | Killed Pargi
  1394 | D:3      | Reached skill level 1 in Hexes
  1394 | D:3      | Reached skill level 1 in Summonings
  1394 | D:3      | Reached skill level 1 in Necromancy
  1394 | D:3      | Reached skill level 1 in Translocations
  1394 | D:3      | Reached skill level 1 in Fire Magic
  1394 | D:3      | Reached skill level 1 in Ice Magic
  1394 | D:3      | Reached skill level 1 in Air Magic
  1394 | D:3      | Reached skill level 1 in Earth Magic
  1394 | D:3      | Reached XP level 5. HP: 27/37 MP: 2/12
  1556 | D:3      | Noticed Natasha
  1560 | D:3      | Killed Natasha
  1644 | D:3      | Noticed Terence
  1649 | D:3      | Killed Terence
  1650 | D:3      | Reached XP level 6. HP: 44/44 MP: 8/13
  1660 | D:3      | Noticed Natasha
  1670 | D:3      | Killed Natasha
  1809 | D:3      | Reached skill level 5 in Dodging
  1848 | D:3      | Noticed Natasha
  1858 | D:3      | Killed Natasha
  2437 | D:4      | Noticed Eustachio
  2452 | D:4      | Killed Eustachio
  2453 | D:4      | Reached XP level 7. HP: 42/51 MP: 2/15
  2592 | D:4      | Noticed Grinder
  2629 | D:4      | Killed Grinder
  2630 | D:4      | Reached skill level 5 in Stealth
  2865 | D:4      | Found a shimmering altar of Xom.
  3179 | D:5      | Entered Level 5 of the Dungeon
  3249 | D:5      | Reached XP level 8. HP: 57/58 MP: 11/16
  3502 | D:5      | Learned a level 4 spell: Sticky Flame
  3752 | D:5      | Noticed Prince Ribbit
  3794 | D:5      | Killed Prince Ribbit
  4016 | D:5      | Noticed Pikel
  4111 | D:5      | Killed Pikel
  4112 | D:5      | Reached XP level 9. HP: 36/65 MP: 16/18
  4567 | D:5      | Found a runed translucent door.
  4568 | D:5      | Noticed Crazy Yiuf
  4579 | D:5      | Killed Crazy Yiuf
  4583 | D:5      | Identified the +2 hammer "Qemosi Zong" {freeze, Str+4
                  | Stlth+}
  4767 | D:6      | Noticed Maggie
  4789 | D:6      | Killed Maggie
  5101 | D:6      | Noticed Sigmund
  5113 | D:6      | Killed Sigmund
  5233 | D:6      | Reached skill level 5 in Invocations
  5258 | D:6      | Noticed Blork the orc
  5269 | D:6      | Killed Blork the orc
  5535 | D:6      | Noticed Menkaure
  5541 | D:6      | Killed Menkaure
  5675 | D:6      | Found a staircase to the Ecumenical Temple.
  5683 | Temple   | Entered the Ecumenical Temple
  5692 | Temple   | Became a worshipper of Vehumet
  6206 | D:7      | Identified the +1 trident "Worm" {freeze, ^Drain *Slow
                  | Int+7 Stlth+}
  6307 | D:7      | Noticed Duvessa
  6313 | D:7      | Noticed Dowan
  6318 | D:7      | Killed Dowan
  6320 | D:7      | Killed Duvessa
  6452 | D:7      | Identified the +4 spear of Gehenna {pain, rN+ Int+3 Dex+2}
  6696 | D:8      | Reached skill level 5 in Fighting
  6696 | D:8      | Reached skill level 5 in Short Blades
  6696 | D:8      | Reached skill level 5 in Long Blades
  6696 | D:8      | Reached skill level 5 in Axes
  6696 | D:8      | Reached skill level 5 in Maces & Flails
  6696 | D:8      | Reached skill level 5 in Polearms
  6696 | D:8      | Reached skill level 5 in Staves
  6696 | D:8      | Reached skill level 5 in Ranged Weapons
  6696 | D:8      | Reached skill level 5 in Throwing
  6696 | D:8      | Reached skill level 5 in Armour
  6696 | D:8      | Reached skill level 5 in Shields
  6696 | D:8      | Reached skill level 5 in Unarmed Combat
  6696 | D:8      | Reached skill level 5 in Evocations
  6696 | D:8      | Reached XP level 10. HP: 65/74 MP: 16/20
  6819 | D:8      | Found a staircase to the Lair.
  6972 | D:8      | Reached * piety under Vehumet
  6972 | D:8      | Offered knowledge of Shock by Vehumet.
  7155 | D:8      | Found a flagged portal.
  7163 | Bailey   | Entered a bailey
  7253 | Bailey   | Reached skill level 5 in Conjurations
  7283 | Bailey   | Noticed an orc knight
  7310 | Bailey   | Killed an orc knight
  7311 | Bailey   | Reached skill level 5 in Shapeshifting
  7565 | Bailey   | Found a large runed translucent door.
  7565 | Bailey   | Found a large runed translucent door.
  7566 | Bailey   | Noticed a deep elf zephyrmancer
  7660 | Bailey   | Killed a deep elf zephyrmancer
  7878 | D:8      | Found a runed translucent door.
  7898 | D:8      | Found a basalt altar of Yredelemnul.
  8081 | D:9      | Learned a level 1 spell: Shock
  8182 | D:9      | Offered knowledge of Static Discharge by Vehumet.
  8183 | D:9      | Reached ** piety under Vehumet
  8414 | D:9      | Reached skill level 5 in Hexes
  8414 | D:9      | Reached skill level 5 in Summonings
  8414 | D:9      | Reached skill level 5 in Necromancy
  8414 | D:9      | Reached skill level 5 in Translocations
  8414 | D:9      | Reached skill level 5 in Fire Magic
  8414 | D:9      | Reached skill level 5 in Ice Magic
  8414 | D:9      | Reached skill level 5 in Air Magic
  8414 | D:9      | Reached skill level 5 in Earth Magic
  8418 | D:9      | Learned a level 3 spell: Call Canine Familiar
  8627 | D:9      | Reached XP level 11. HP: 75/81 MP: 22/23
  9499 | D:10     | Entered Level 10 of the Dungeon
  9499 | D:10     | Found a staircase to the Orcish Mines.
  9863 | D:10     | Offered knowledge of Volatile Blastmotes by Vehumet.
 10116 | D:10     | Noticed a seven-headed hydra
 10118 | D:10     | Found a runed translucent door.
 10119 | D:10     | Noticed a two-headed ogre
 10525 | D:10     | Found a sacrificial altar of Ru.
 10838 | D:11     | Reached *** piety under Vehumet
 11308 | D:11     | Noticed Lodul
 11315 | D:11     | Offered knowledge of Airstrike by Vehumet.
 11320 | D:11     | Killed Lodul
 11702 | D:11     | Identified the +4 flail "Eviscerator" {flame, rF+++ rN++
                  | Str-2}
 12107 | D:12     | Noticed a two-headed ogre
 12111 | D:12     | Killed a two-headed ogre
 12203 | Lair:1   | Entered Level 1 of the Lair of Beasts
 12216 | Lair:1   | Reached XP level 12. HP: 83/91 MP: 24/24
 12467 | Lair:1   | Noticed an eight-headed hydra
 12475 | Lair:1   | Killed an eight-headed hydra
 12745 | Lair:1   | Reached **** piety under Vehumet
 13180 | Lair:1   | Offered knowledge of Stone Arrow by Vehumet.
 13709 | Lair:2   | Noticed a five-headed hydra
 13773 | Lair:2   | Noticed a boulder beetle
 14068 | Lair:2   | Noticed a six-headed hydra
 14073 | Lair:2   | Killed a five-headed hydra
 14225 | Lair:2   | Killed a six-headed hydra
 14333 | Lair:2   | Reached XP level 13. HP: 79/98 MP: 23/26
 14563 | Lair:2   | Noticed Harold
 15276 | Lair:2   | Killed Harold
 15523 | Lair:2   | Found a staircase to the Shoals.
 15959 | Lair:3   | Found a hide-covered altar of Uskayaw.
 15989 | Lair:3   | Found a large runed translucent door.
 15989 | Lair:3   | Found a large runed translucent door.
 15995 | Lair:3   | Noticed NitroKuite's ghost (journeyman SpHu)
 16002 | Lair:3   | Learned a level 3 spell: Stone Arrow
 16033 | Lair:3   | Killed NitroKuite's ghost
 16075 | Lair:3   | HP: 4/92 [five-headed hydra (4)]
 16258 | Lair:3   | Reached skill level 10 in Spellcasting
 16428 | Lair:3   | Reached ***** piety under Vehumet
 16428 | Lair:3   | Offered knowledge of Ozocubu's Refrigeration by Vehumet.
 16437 | Lair:3   | Noticed Nessos
 16443 | Lair:3   | Killed Nessos
 16486 | Lair:3   | Found a dark tunnel.
 16494 | Volcano  | Entered a volcano
 16983 | Volcano  | Reached skill level 10 in Dodging
 17075 | Volcano  | Found a burning altar of Makhleb.
 17739 | Lair:3   | Found a hole to the Spider Nest.
 17925 | Lair:3   | Reached skill level 10 in Stealth
 18208 | Lair:4   | Reached XP level 14. HP: 104/108 MP: 14/28
 18212 | Lair:4   | Reached skill level 10 in Invocations
 18798 | Lair:4   | Found a transporter.
 18813 | Lair:4   | Noticed Hiywul's ghost (journeyman MiHu)
 18813 | Lair:4   | Found the +2 pair of slick slippers {slick, slippery, EV+4}
 19241 | Lair:5   | Entered Level 5 of the Lair of Beasts
 19849 | Lair:4   | Found a transporter.
 20215 | Lair:4   | Killed Hiywul's ghost
 20245 | Lair:4   | Got the Spellbook of Henotheism
 20795 | Lair:5   | Identified the +12 spear "Dejuetas" {drain, rC+}
 20865 | Lair:5   | Offered knowledge of Freezing Cloud by Vehumet.
 20874 | Lair:5   | Learned a level 5 spell: Freezing Cloud
 20877 | Lair:5   | Learned a level 2 spell: Searing Ray
 20966 | Lair:5   | Reached skill level 10 in Alchemy
 21006 | Lair:5   | Identified the ring "Xaedwig" {rPois rF++ Dex+3}
 21150 | Lair:5   | Reached skill level 10 in Fighting
 21150 | Lair:5   | Reached skill level 10 in Short Blades
 21150 | Lair:5   | Reached skill level 10 in Long Blades
 21150 | Lair:5   | Reached skill level 10 in Axes
 21150 | Lair:5   | Reached skill level 10 in Maces & Flails
 21150 | Lair:5   | Reached skill level 10 in Polearms
 21150 | Lair:5   | Reached skill level 10 in Staves
 21150 | Lair:5   | Reached skill level 10 in Ranged Weapons
 21150 | Lair:5   | Reached skill level 10 in Throwing
 21150 | Lair:5   | Reached skill level 10 in Armour
 21150 | Lair:5   | Reached skill level 10 in Shields
 21150 | Lair:5   | Reached skill level 10 in Unarmed Combat
 21150 | Lair:5   | Reached skill level 10 in Evocations
 21160 | Lair:5   | Learned a level 3 spell: Frozen Ramparts
 21298 | Lair:5   | Reached XP level 15. HP: 89/115 MP: 30/30
 21380 | Lair:5   | Identified the scarf of Mezcal {shadows, rC++ Will+}
 21573 | Lair:5   | Found a viscous altar of Jiyva.
 21573 | Lair:5   | Found a staircase to the Slime Pits.
 22229 | Orc:1    | Entered Level 1 of the Orcish Mines
 22229 | Orc:1    | Noticed Erolcha
 22246 | Abyss:1  | Cast into level 1 of the Abyss (Erolcha)
 22275 | Abyss:1  | Noticed a tentacled starspawn
 22376 | Abyss:1  | Found a corrupted altar of Lugonu.
 22376 | Abyss:1  | Found a corrupted altar of Lugonu.
 22376 | Abyss:1  | Found a corrupted altar of Lugonu.
 22420 | Abyss:1  | Noticed a tentacled starspawn
 22438 | Abyss:1  | Noticed a tentacled starspawn
 22439 | Abyss:1  | Found a corrupted altar of Lugonu.
 22652 | Abyss:1  | Noticed a lich
 22673 | Abyss:1  | Found a corrupted altar of Lugonu.
 22742 | Abyss:1  | Killed a lich
 22814 | Abyss:1  | Found a corrupted altar of Lugonu.
 22892 | Abyss:1  | Noticed a Hell Sentinel
 22899 | Abyss:1  | Slain by a Hell Sentinel

Illustrated notes

Levels and vault maps discovered:
D:1:      eino_arrival_water_cross, layout_basic
D:2:      layout_loops_cross, hellmonk_ecumenical_altar_crossroads, basic_altar
D:3:      layout_rooms, uniq_pargi, uniq_ijyb, uniq_terence, uniq_natasha
D:4:      nicolae_cairo_tiling, layout_loops_cross, kennysheep_little_box,
          solitary_fountain, uniq_grinder, uniq_eustachio
D:5:      layout_layer_cave, nrook_pool_corridor, uniq_prince_ribbit1,
          uniq_crazy_yiuf_cottage, uniq_pikel
D:6:      layout_basic, minmay_temple_entry_overgrown, st_stairs_12,
          uniq_sigmund, uniq_menkaure, uniq_blork_the_orc, uniq_maggie
D:7:      layout_loops_cross, uniq_duvessa
D:8:      layout_rooms, dk_yredelemnul_ordeal, dpeg_oklobed_lair, enter_bailey_4
D:9:      layout_layer_cave, st_stairs_5
D:10:     layout_loops_corners, mainiacjoe_overflow_alcove_2, david_orc_5,
          minmay_st_funbox
D:11:     minmay_skewed_foursquare, layout_loops_corners, uniq_lodul
D:12:     layout_long_grid, serial_library, serial_library_hellmonk_statue_hall,
          serial_library_hellmonk_filled_rooms,
          serial_library_hellmonk_big_corner,
          serial_library_hellmonk_reading_circle,
          serial_library_hellmonk_metal_room,
          serial_library_hellmonk_angled_corner, serial_library_hellmonk_h_bend,
          uniq_kirke
Temple:   compressed_dpeg_triangle_lava_temple
Lair:1:   layout_cellular_growth, grunt_megastairs_5, serial_bayou_shore_a,
          serial_bayou_shore_b
Lair:2:   layout_chaotic_city, mainiacjoe_shoals_entry_four_pools,
          disabler_island, uniq_harold
Lair:3:   layout_regular_city, dummy_spider_entry, basic_altar,
          lightli_volcano_entry_magma_tube, ebering_ghost_disaster_area,
          dreamdust_mushroom_princess, grunt_megastairs_2, lemuel_fruit_tree,
          uniq_nessos
Lair:4:   onia_ninara_swampy_vault, layout_cave_shapes,
          gammafunk_ghost_berserking_beasts, chequers_serial_rivers_room_a,
          chequers_serial_rivers_room_b
Lair:5:   guppyfry_lair_end_dragon, layout_cave_shapes,
          hangedman_lair_caniforms_friends, slime_entry_1
Orc:1:    layout_caves, uniq_erolcha
Abyss:1:  base: D:3, abyss_furniture_001, abyss_furniture_001, minivault_28,
          hangedman_stitches_earthworm

Skill      XL: |  1  2  3  4  5  6  7  8  9 10 11 12 13 14 15 |
---------------+----------------------------------------------+-----
Conjurations   | 2 3 4 5 6 7 8 9 |  9.0
Spellcasting   | 5 6 7 8 9 10 11 | 11.5
Invocations    | 1 2 3 4 5 6 7 8 9 10 11 | 11.3
Fighting       | 1 2 3 4 5 6 7 8 9 10 | 10.4
Short Blades   | 1 2 3 4 5 6 7 8 9 10 | 10.4
Long Blades    | 1 2 3 4 5 6 7 8 9 10 | 10.4
Axes           | 1 2 3 4 5 6 7 8 9 10 | 10.4
Maces & Flails | 1 2 3 4 5 6 7 8 9 10 | 10.4
Polearms       | 1 2 3 4 5 6 7 8 9 10 | 10.4
Staves         | 1 2 3 4 5 6 7 8 9 10 | 10.4
Ranged Weapons | 1 2 3 4 5 6 7 8 9 10 | 10.4
Throwing       | 1 2 3 4 5 6 7 8 9 10 | 10.4
Armour         | 1 2 3 4 5 6 7 8 9 10 | 10.4
Shields        | 1 2 3 4 5 6 7 8 9 10 | 10.4
Unarmed Combat | 1 2 3 4 5 6 7 8 9 10 | 10.4
Evocations     | 1 2 3 4 5 6 7 8 9 10 | 10.4
Shapeshifting  | 1 2 3 4 5 6 7 8 9 |  9.5
Hexes          | 1 2 3 4 5 6 7 8 |  8.7
Summonings     | 1 2 3 4 5 6 7 8 |  8.7
Necromancy     | 1 2 3 4 5 6 7 8 |  8.7
Translocations | 1 2 3 4 5 6 7 8 |  8.7
Fire Magic     | 1 2 3 4 5 6 7 8 |  8.7
Ice Magic      | 1 2 3 4 5 6 7 8 |  8.7
Air Magic      | 1 2 3 4 5 6 7 8 |  8.7
Earth Magic    | 1 2 3 4 5 6 7 8 |  8.7
Dodging        | 5 6 7 8 9 10 11 | 11.3
Stealth        | 5 6 7 8 9 10 11 | 11.2
Alchemy        | 6 7 8 9 10 | 10.3

Action                     |  1- 3 |  4- 6 |  7- 9 | 10-12 | 13-15 || total
---------------------------+-------+-------+-------+-------+-------++-------
  Melee: Unarmed           |     3 |       |       |       |       ||     3
         Dagger            |    10 |    31 |       |       |       ||    41
         Bite              |     2 |     8 |    35 |    55 |   100 ||   200
         Trident           |       |    30 |   245 |       |       ||   275
         Punch             |       |     2 |       |       |       ||     2
         Mace              |       |       |    82 |       |       ||    82
         Spear             |       |       |    23 |   435 |   675 ||  1133
   Cast: Sting             |    50 |    32 |     2 |     1 |       ||    85
         Mercury Vapours   |     3 |    20 |    12 |       |       ||    35
         Olgreb's Toxic Ra |       |     3 |     6 |    47 |    82 ||   138
         Mephitic Cloud    |       |       |     5 |     5 |     1 ||    11
         Sticky Flame      |       |       |     3 |    71 |   105 ||   179
         Call Canine Famil |       |       |       |     5 |    11 ||    16
         Shock             |       |       |       |     8 |       ||     8
         Stone Arrow       |       |       |       |       |    31 ||    31
         Frozen Ramparts   |       |       |       |       |     5 ||     5
         Freezing Cloud    |       |       |       |       |     4 ||     4
         Searing Ray       |       |       |       |       |     3 ||     3
  Evoke: Wand              |       |       |     2 |     3 |     5 ||    10
         Lightning rod     |       |       |       |       |     8 ||     8
         Phial of floods   |       |       |       |       |     2 ||     2
    Use: Potion            |     1 |       |       |     4 |     7 ||    12
         Scroll            |       |     1 |     9 |     4 |    13 ||    27
   Stab: Distracted        |       |     1 |       |     3 |     4 ||     8
         Sleeping          |       |     2 |    15 |    15 |    11 ||    43
         Confused          |       |       |     6 |     4 |       ||    10
 Armour: Robe              |    19 |     6 |       |       |       ||    25
         Troll leather arm |       |    36 |    87 |       |       ||   123
         Steam dragon scal |       |       |    31 |    76 |       ||   107
         Acid dragon scale |       |       |       |   111 |   373 ||   484
  Dodge: Dodged            |    15 |    32 |   136 |   208 |   503 ||   894
  Block: Buckler           |       |    14 |   167 |   257 |   512 ||   950
         Other             |       |     1 |       |       |       ||     1
         Reflection        |       |       |     2 |    11 |     8 ||    21
